 Dungeon Crawl Stone Soup version 0.26-a0-613-g4f23886233 (webtiles) character file.

Game seed: 4616474077578352684

142 DogServant the Ruffian (level 5, 0/41 HPs)
             Began as a Draconian Transmuter on Sept 11, 2020.
             Killed by nerve-wracking pain
             ... invoked by Grinder
              (14 damage)
             ... on level 3 of the Dungeon.
             The game lasted 00:04:19 (2418 turns).

DogServant the Ruffian (Draconian Transmuter)       Turns: 2418, Time: 00:04:19

Health: 0/41       AC:  5    Str: 13    XL:     5   Next: 3%
Magic:  7/8        EV: 12    Int: 14    God:
Gold:   28         SH:  0    Dex: 11    Spells: 8/9 levels left

rFire    . . .     SeeInvis .     - Unarmed
rCold    . . .     Faith    .   (no shield)
rNeg     . . .     Spirit   .   (armour unavailable)
rPois    .         Reflect  .   (helmet restricted)
rElec    .         Harm     .   (no cloak)
rCorr    .                      (no gloves)
MR       .....                  (no boots)
Stlth    +.........             (no amulet)
HPRegen  0.13/turn              (no ring)
MPRegen  0.11/turn              (no ring)

@: lethally poisoned (0 -> -1)
A: unfitting armour, cold-blooded, AC +5
a: no special abilities


You were on level 3 of the Dungeon.
You visited 1 branch of the dungeon, and saw 3 of its levels.

You collected 28 gold pieces.

Inventory:

Missiles
 d - 10 poisoned darts (quivered)
Magical Staves
 m - an uncursed staff of earth {unknown}
Scrolls
 c - 2 scrolls of fog {unknown}
 e - a scroll of identify {unknown}
 f - a scroll of teleportation {unknown}
 k - a scroll of enchant weapon {unknown}
 n - a scroll of remove curse {unknown}
Potions
 a - a potion of degeneration {unknown}
 b - a potion of brilliance {unknown}
 g - a potion of lignification {unknown}
 h - a potion of ambrosia {unknown}
 i - 2 potions of haste {unknown}
 j - a potion of might {unknown}
 l - a potion of heal wounds {unknown}


   Skills:
 + Level 2.2 Fighting
 + Level 2.3 Dodging
 * Level 4.2 Unarmed Combat
 + Level 2.6 Spellcasting
 + Level 2.9 Transmutations


You had 8 spell levels left.
You knew the following spells:

 Your Spells              Type           Power        Failure   Level
a - Beastly Appendage     Tmut           #.....       7%          1

Your spell library contained the following spells:

 Spells                   Type           Power        Failure   Level
 Wereblood                Tmut           #.......     11%         2
 Spider Form              Tmut/Pois      #.........   36%         3
 Ice Form                 Ice/Tmut       #.......     77%         4
 Blade Hands              Tmut           #.........   88%         5


Dungeon Overview and Level Annotations

Branches:
Dungeon (3/15)

Altars:
Kikubaaqudgha

Annotations:
D:3 Grinder


Innate Abilities, Weirdness & Mutations

Your plain brown scales are hard. (AC +5)
You cannot fit into any form of body armour.
You are cold-blooded and may be slowed by cold attacks.


Message History

You closely miss Grinder. You headbutt Grinder, but do no damage.
Grinder misses you.
You closely miss Grinder. Your headbutt misses Grinder. Grinder hits you!
You writhe in agony.
You hit Grinder. Your kick misses Grinder. You headbutt Grinder.
You tail-slap Grinder, but do no damage.
Grinder is lightly wounded.
You feel sick. Grinder barely misses you.
You hit Grinder. You headbutt Grinder!
Grinder is heavily wounded.
You hit Grinder. Your kick misses Grinder.
Grinder is heavily wounded.
Grinder gestures at you. You resist with significant effort.
You closely miss Grinder. Your kick misses Grinder. You headbutt Grinder!
Grinder is severely wounded.
Your horns disappear.
Your talons disappear.
Grinder gestures at you. Pain shoots through your body!
You die...

#...####... #
#......... #. #........
#..#.#.....# #
.........###.#
##.#.......[..
#.............
#.#####.@†......
........#5#.....
#.#####.#.# #..
#.#####.#.# #.......#.#
######..#.# .#
#.#.#.######..#.# .#
#.#.#.#.......#.# ..#
#.....#.####.##.####..#


You could see Grinder.

Vanquished Creatures
  A centaur skeleton (D:3)
  6 adders
  An ooze (D:1)
  4 dart slugs (D:1)
  5 bats
  4 giant cockroaches
  6 goblins
  5 hobgoblins
  2 jackals (D:1)
  2 quokkas (D:2)
  A frilled lizard (D:1)
  4 kobolds
  8 rats
49 creatures vanquished.

Notes
Turn   | Place    | Note
-------+----------+-------------------------------------------
     0 | D:1      | DogServant the Draconian Transmuter began the quest for the
                  | Orb.
     0 | D:1      | Reached XP level 1. HP: 16/16 MP: 3/3
   191 | D:1      | Reached XP level 2. HP: 23/23 MP: 5/5
   777 | D:1      | Reached XP level 3. HP: 28/28 MP: 4/6
  1524 | D:2      | Reached XP level 4. HP: 36/36 MP: 5/7
  1694 | D:2      | Found an ancient bone altar of Kikubaaqudgha.
  2290 | D:3      | Reached skill level 4 in Unarmed Combat
  2405 | D:3      | Noticed Grinder
  2412 | D:3      | Reached XP level 5. HP: 27/41 MP: 6/8
  2418 | D:3      | Killed from afar by Grinder

Illustrated notes

Levels and vault maps discovered:
D:1:      minmay_arrival_hallway, layout_basic
D:2:      layout_basic, overflow_temple_1_default
D:3:      layout_basic, nicolae_gozag_seed_capital, serial_undead,
          serial_undead_c, serial_undead_d, serial_undead_a, serial_undead_a,
          serial_undead_b, tgw_xom, uniq_grinder

Skill      XL: |  1  2  3  4 |
---------------+-------------+-----
Dodging        | 2 |  2.3
Fighting       | 2 |  2.2
Unarmed Combat | 4 |  4.2
Spellcasting   | |  2.6
Transmutations | |  2.9

Action                   |  1- 3 |  4- 6 || total
-------------------------+-------+-------++-------
Melee: Unarmed           |    87 |    67 ||   154
       Tailslap          |     9 |     6 ||    15
       Kick              |    11 |     5 ||    16
       Headbutt          |     4 |     6 ||    10
       Punch             |     1 |     1 ||     2
Throw: Dart              |     4 |       ||     4
 Cast: Beastly Appendage |    17 |    10 ||    27
Armor: Skin              |    38 |    18 ||    56
Dodge: Dodged            |    50 |    41 ||    91

Table legend: (Time is in decaauts)
 A = Elapsed time spent in this place.
 B = Non-inter-level travel time spent in this place.
 C = Inter-level travel time spent in this place.
 D = Time resting spent in this place.
 E = Time spent auto-exploring this place.
 F = Levels seen in this place.
 G = Mean time per level.
                   A        B        C        D        E       F      G
               +--------+--------+--------+--------+--------+-----+--------+
         Total |   2407 |   2377 |     30 |    389 |   1637 |   3 |  802.3 |
       Dungeon |   2407 |   2377 |     30 |    389 |   1637 |   3 |  802.3 |
               +--------+--------+--------+--------+--------+-----+--------+

Top non-repeatable levels by time:
     D:1: 1476 daAuts
     D:2: 779 daAuts
     D:3: 151 daAuts
